 Dungeon Crawl Stone Soup version 0.17-a0-1435-geafbe2f (webtiles) character file.

1564686 xgamer67 the Skullcrusher (level 27, 323/323 HPs)
             Began as an Ogre Berserker on June 26, 2015.
             Was a High Priest of Trog.
             Escaped with the Orb
             ... and 3 runes!
             The game lasted 04:34:33 (82827 turns).

xgamer67 the Skullcrusher (Ogre Berserker)         Turns: 82827, Time: 04:34:34

Health: 323/323    AC: 36    Str: 31    XL:     27
Magic:  26/26      EV: 27    Int:  5    God:    Trog [*****.]
Gold:   1191       SH:  0    Dex: 18    Spells: 0 memorised, 26 levels left

rFire  + + .     SeeInvis .     a - +8 giant spiked club "Maoxon" {freeze, rC+}
rCold  + . .     Clarity  +     B - +8 fire dragon armour
rNeg   . . .     SustAt   .     (no shield)
rPois  .         Gourm    .     n - +2 hat
rElec  .         Spirit   .     W - +2 cloak
rCorr  .         Warding  .     (gloves unavailable)
rMut   .         Stasis   .     (boots unavailable)
MR     ++++.                    U - amulet of regeneration
Stlth  ..........               G - ring of Robustness {AC+8}
                                v - ring "Acafimo" {Ice +Blink Slay+2}

@: regenerating, incredibly resistant to hostile enchantments, extremely
unstealthy
A: unfitting armour, hooves 1, clarity, fire resistance 1, tough skin 1, no
device heal 1
a: Burn Spellbooks, Berserk, Trog's Hand, Brothers in Arms, Renounce Religion,
Evoke Blink
0: Orb of Zot
}: 3/15 runes: barnacled, silver, gossamer


You escaped.
You worshipped Trog.
Trog was extremely pleased with you.
You were full.

You visited 8 branches of the dungeon, and saw 50 of its levels.
You visited 1 bazaar.

You collected 9290 gold pieces.
You spent 8099 gold pieces at shops.

Inventory:

Hand weapons
 a - the +8 giant spiked club "Maoxon" (weapon) {freeze, rC+}
   (Trog gifted it to you on level 5 of the Depths)

   It has been specially enchanted to freeze those struck by it, causing extra
   injury to most foes and up to half again as much damage against particularly
   susceptible opponents.
   It can also slow down cold-blooded creatures.
   It protects you from cold.
 g - the +5 giant spiked club of Disembowelment {drain, rElec Str+3 Int-3, unknown}
   (Trog gifted it to you on level 2 of the Shoals)

   A truly terrible weapon, it drains the life of those it strikes.
   It affects your strength (+3).
   It affects your intelligence (-3).
   It insulates you from electricity.
 K - a +8 antimagic giant spiked club
Missiles
 c - 32 javelins of penetration
 F - 17 silver javelins
 X - 98 large rocks (quivered)
Armour
 n - a +2 hat (worn)
 B - a +8 fire dragon armour (worn)
 W - a +2 cloak (worn)
Jewellery
 d - an uncursed amulet of resist mutation
 i - an uncursed ring of teleportation
 j - the ring of Loettos {SustAt rPois rN++ Int+4}
   (You took it off a yaktaur on level 5 of the Vaults)

   [ring of sustain attributes]

   It sustains your strength, intelligence and dexterity.
   It affects your intelligence (+4).
   It protects you from poison.
   It greatly protects you from negative energy.
 q - the amulet "Teveutem" {Stasis *Confuse rPois Int+4 SInv}
   (You found it on level 8 of the Dungeon)

   [amulet of stasis]

   It prevents you from being teleported, slowed, hasted or paralysed.
   It affects your intelligence (+4).
   It protects you from poison.
   It lets you see invisible.
   It may confuse you when you take damage.
 v - the ring "Acafimo" (left hand) {Ice +Blink Slay+2}
   (You bought it in a shop on level 2 of the Shoals)

   [ring of ice]

   It enhances your ice magic, and weakens your fire magic.
   It affects your accuracy and damage with ranged weapons and melee attacks
   (+2).
   It makes you vulnerable to fire.
   It protects you from cold.
   It lets you blink.
 x - the ring of Xohujaen {rF+ AC+2 Str+2}
   (You found it on level 2 of the Vaults)

   [ring of protection]

   It affects your AC (+2).
   It affects your strength (+2).
   It protects you from fire.
 G - the ring of Robustness (right hand) {AC+8}
   (You bought it in a shop on level 4 of the Orcish Mines)

   [ring of protection]

   It affects your AC (+8).
 H - the amulet of Cekugob {Ward -Tele rElec rPois rN++ AC+1 EV+1}
   (You found it on level 3 of the Depths)

   [amulet of warding]

   It may prevent the melee attacks of summoned creatures.
   It affects your AC (+1).
   It affects your evasion (+1).
   It insulates you from electricity.
   It protects you from poison.
   It greatly protects you from negative energy.
   It prevents most forms of teleportation.
 J - the ring "Neuba" {rPois MR+ Dex+4}
   (You bought it in a shop on level 4 of the Orcish Mines)

   [ring of protection from magic]

   It affects your dexterity (+4).
   It protects you from poison.
   It affects your resistance to hostile enchantments.
 S - the amulet of the Air {Inacc +Fly rElec EV+5 RMsl}
   (You found it on level 5 of the Lair of Beasts)

   [amulet of inaccuracy]

   It reduces the accuracy of all your attacks.
   It affects your evasion (+5).
   It insulates you from electricity.
   It lets you fly.
   It protects you from missiles.
 U - an amulet of regeneration (around neck)
Magical devices
 b - a wand of digging (12)
 u - a wand of heal wounds (7)
 A - a wand of hasting (9)
 L - a wand of disintegration (12)
 Q - a wand of disintegration (4)
 V - a wand of teleportation (6)
Scrolls
 l - 22 scrolls of remove curse
 o - 4 scrolls of recharging
 r - 11 scrolls of teleportation
 t - 4 scrolls of fear
 C - 3 scrolls of fog
 E - a scroll of silence
 I - 3 scrolls of summoning
 Z - 6 scrolls of blinking
Potions
 e - 30 potions of curing
 f - 3 potions of cure mutation
 h - 3 potions of might
 k - a potion of agility
 m - 5 potions of resistance
 w - 4 potions of haste
 z - 4 potions of heal wounds
 N - 10 potions of lignification
 P - 2 potions of cancellation
 Y - 2 potions of flight
Miscellaneous
 p - a stone of tremors
 M - a phial of floods
 R - an ornate deck of summoning {the Elements}
Comestibles
 D - 13 meat rations


   Skills:
 O Level 27 Fighting
 O Level 27 Maces & Flails
 - Level 12.0 Throwing
 - Level 17.0 Armour
 + Level 26.2 Dodging
 - Level 5.0 Evocations


You had 26 spell levels left.
You didn't know any spells.

Dungeon Overview and Level Annotations

Branches:
Dungeon (15/15)            Temple (0/1) D:7            Lair (8/8) D:9
 Shoals (4/4) Lair:4       Spider (4/4) Lair:4        Slime (0/6) Lair:6
    Orc (4/4) D:12            Elf (0/3) Orc:3        Vaults (5/5) D:14
  Crypt (0/3) Vaults:2     Depths (5/5) D:15            Zot (5/5) Depths:5

Altars:
Ashenzari
Cheibriados
Dithmenos
Elyvilon
Gozag
Kikubaaqudgha
Nemelex Xobeh
Qazlal
Sif Muna
Vehumet
Xom
Yredelemnul
The Shining One
Beogh
Jiyva

Shops:
D:11 }   Orc:3 *[(   Orc:4 ?(:=   Shoals:2 *[:=:   Shoals:4 %   Vaults:2 !
Vaults:4 *   Depths:4 *((

Portals:
Hell: Depths:1 Depths:2 Depths:3 Depths:4 Depths:5
Abyss: Depths:1 Depths:4
Pandemonium: Depths:3

Annotations:
D:5 exclusion: statue
D:8 big vault (disint) cw, troll, gargoyles etc
Lair:6 1 runed door
Shoals:1 !kraken
Depths:5 exclusions: shining eye and 8 more exclusions


Innate Abilities, Weirdness & Mutations

You are too large for most types of armour.
You have tough skin (AC +1).
You have large cloven feet.
You possess an exceptional clarity of mind.
Your flesh is heat resistant.
Potions and wands are less effective at restoring your health.


Message History

You kick the great orb of eyes, but do no damage.
The great orb of eyes is almost dead.
The great orb of eyes bites you.
You spit the great orb of eyes like a pig!!!!
You freeze the great orb of eyes.
You kill the great orb of eyes!
Trog accepts your kill.
(D) Dungeon (T) Temple (L) Lair (A) Shoals (N) Spider Nest (M) Slime Pits (O) Orcish Mines (E) Elven Halls (V) Vaults (C) Crypt (U) Depths (H) Hell (Z) Zot
Where to? (Enter - D:1 @ (x,y), ? - help)
You feel sick.
You feel sick.
You are no longer poisoned.
There is an open door here.
A crimson imp comes into view.
There is an open door here.
There is a staircase leading out of the dungeon here.
You have escaped!

#...#P..#...#...#
#...#P..#...#P..#
################'###'###'###'##
..............#...............#
...##########.'...............#
##)#### ###..5..5........P#
......# #######'###'###'###'##
##..#.# #....#...#...#...#..P#
##..#.# #....#.@.#...#P..#...#
#..#.####..###################
#...#......# #.# #..# #.#
#.##.#####.# #.####..###.#
#.##.# #># #..).......># #.##.#
#.# ###.####..##### #.##.# #.#
#...# #..# #.##.# #.# #)###
#..#### ##.##.# #.#
#.######.....###


You could see a crimson imp.

Vanquished Creatures
  5 ancient liches
  An orb of fire (Zot:5)
  Sojobo (Vaults:4)
  4 curse toes
  3 Killer Klowns
  10 golden dragons
  Xtahua (Vaults:2)
  2 electric golems
  Jorgrun (Vaults:4)
  23 Orb Guardians
  19 tentacled monstrosities
  Asterion (Vaults:1)
  3 quicksilver dragons
  6 titans
  A Shadow Fiend (D:4)
  A deep elf blademaster (Depths:3)
  12 acid blobs (Zot:1)
  An ancient champion (Vaults:2)
  3 sphinxes
  An octopode crusher (Depths:4)
  Agnes (Depths:1)
  10 tengu reavers
  Frances (Depths:1)
  Kirke (Shoals:2)
  7 shadow dragons
  17 storm dragons
  4 draconian monks
  Ilsuiw (Shoals:4)
  8 fire giants
  14 frost giants
  4 draconian knights
  19 vault wardens
  5 draconian scorchers
  An orc warlord (Orc:4)
  5 draconian zealots
  Aizul (Spider:1)
  Louise (Depths:1)
  2 iron dragons
  2 deep elf sorcerers (Vaults:5)
  4 draconian shifters (Zot:1)
  A balrug (Depths:1)
  13 ironheart preservers
  7 ghost moths
  5 emperor scorpions
  2 spriggan defenders
  27 very ugly things
  3 draconian annihilators
  2 grey draconians (Depths:5)
  2 deep elf demonologists
  A draconian caller (Zot:1)
  2 green draconians
  19 stone giants
  2 vampire knights
  3 war gargoyles
  Nessos (D:13)
  A corrupter (D:7)
  A lorocyproca (Depths:3)
  20 yellow draconians
  6 black draconians
  7 purple draconians
  8 white draconians
  12 mottled draconians
  7 red draconians
  17 ettins
  3 deep elf annihilators
  22 fire dragons
  8 merfolk javelineers
  A crystal guardian (Vaults:5)
  2 deep elf death magi (Vaults:5)
  35 vault guards
  3 fire dragons (shapeshifter) (Depths:3)
  11 merfolk impalers
  Josephine (Spider:1)
  2 minotaurs (shapeshifter)
  9 death cobs
  12 great orbs of eyes
  23 yaktaur captains
  21 ice dragons
  The ghost of WhatIsLove the Nimble, a powerful GrGl of Ashenzari (D:12)
  Harold (Orc:3)
  A hell beast (Zot:1)
  A merfolk avatar (Shoals:4)
  8 entropy weavers
  5 hydras
  3 ice dragons (shapeshifter) (Depths:3)
  Erica (D:10)
  2 spriggan air magi
  15 tengu warriors
  A merfolk aquamancer (Shoals:4)
  A queen ant (Lair:5)
  A salamander stormcaller (Vaults:4)
  A hydra (shapeshifter) (Vaults:5)
  7 rakshasas
  6 deep troll shamans
  19 ogre magi
  3 vampire magi
  2 satyrs (Shoals:3)
  7 centaur warriors
  19 deep troll earth magi
  6 spriggan berserkers
  4 dancing weapons
  Urug (D:10)
  5 deep elf knights
  8 orc high priests
  6 hell knights
  A soul eater (Depths:3)
  11 sea snakes
  A fire crab (shapeshifter) (Vaults:3)
  A titan skeleton (Depths:2)
  6 sun demons
  6 iron trolls
  A fire crab (Depths:3)
  3 unseen horrors
  2 shadow wraiths
  A salamander mystic (Depths:3)
  32 deep trolls
  2 deep elf summoners
  2 swamp dragons (shapeshifter)
  11 harpies
  A skeletal warrior (Vaults:2)
  6 giant orange brains
  2 small abominations
  6 necromancers
  A torturous demonspawn (D:11)
  4 flayed ghosts
  A sea snake (shapeshifter) (Vaults:3)
  2 hill giants (shapeshifter)
  11 hill giants
  An anubis guard (shapeshifter) (Vaults:5)
  Pikel (D:9)
  12 ironbrand convokers
  A shadow demon (D:7)
  5 deep elf conjurers
  21 orc knights
  8 orc sorcerers
  2 giant orange brains (shapeshifter)
  15 wizards
  3 oklob plants (Zot:1)
  31 wolf spiders
  7 hornets
  82 ugly things
  12 orb spiders
  11 griffons
  A griffon (shapeshifter) (Depths:3)
  A sixfirhy (D:11)
  6 cyclopes
  16 fauns
  4 water nymphs
  12 elephants
  8 manticores
  An octopode (shapeshifter) (Vaults:3)
  13 vault sentinels
  A fire giant skeleton (Vaults:3)
  3 black mambas
  25 spiny frogs
  11 sirens
  2 guardian serpents (Depths:4)
  A rust devil (Zot:4)
  29 moths of wrath
  6 naga magi (Depths:3)
  3 torpor snails (Spider:3)
  3 gargoyles
  54 yaktaurs
  A storm dragon simulacrum (Vaults:3)
  3 centaur skeletons
  3 kobold demonologists (D:11)
  14 demonic crawlers
  2 freezing wraiths
  14 komodo dragons
  A yaktaur (shapeshifter) (Vaults:4)
  2 hellwings
  5 deep elf priests
  4 fire drakes
  12 jumping spiders
  10 trolls
  4 tengu conjurers
  3 harpy zombies (Shoals:2)
  4 wind drakes
  A polar bear (shapeshifter) (Vaults:5)
  17 blink frogs
  34 merfolk
  29 two-headed ogres
  8 snapping turtles
  An iron dragon simulacrum (Depths:2)
  39 slime creatures
  2 slime creatures (shapeshifter) (Depths:3)
  7 boulder beetles
  A raiju (shapeshifter) (Vaults:5)
  3 giant leeches (Lair:8)
  A blink frog (shapeshifter) (Depths:5)
  A sphinx simulacrum (Vaults:3)
  25 tarantellas
  3 air elementals (Depths:5)
  8 water elementals
  7 spriggans
  4 shadows
  11 trapdoor spiders
  10 wyverns
  55 redbacks
  2 spriggans (shapeshifter)
  4 basilisks
  8 deep elf magi
  A chaos spawn (Zot:4)
  17 hippogriffs
  A yaktaur simulacrum (Vaults:1)
  2 neqoxecs
  66 yaks
  2 hogs (Shoals:2)
  A hungry ghost (D:14)
  2 steam dragons
  17 deep elf fighters
  8 wraiths
  7 wolves
  20 soldier ants
  17 water moccasins
  3 mottled dragons (Depths:5)
  A soldier ant (shapeshifter) (Depths:2)
  27 vampire mosquitoes
  A hydra simulacrum (Depths:3)
  A human zombie (Depths:2)
  5 wargs
  8 porcupines
  4 sky beasts
  A swamp drake (D:12)
  80 ogres
  2 ice beasts
  A black bear (D:12)
  23 spiders
  A necrophage (D:11)
  71 orc warriors
  3 slaves (D:9)
  7 wasps
  8 boggarts
  A phantom (D:3)
  2 human skeletons (Vaults:3)
  22 crocodiles
  18 centaurs
  35 giant frogs
  5 big kobolds
  A brain worm (shapeshifter) (Vaults:3)
  A water moccasin zombie (D:11)
  A human simulacrum (Vaults:2)
  6 scorpions
  An orc simulacrum (Vaults:1)
  11 wights
  9 killer bees
  2 centaur zombies
  6 electric eels
  23 jellies
  34 orc priests
  4 crimson imps
  2 giant frog zombies
  A quasit (D:8)
  11 iguanas
  A gnoll shaman (Orc:4)
  5 giant frog skeletons
  37 worker ants
  7 hounds
  38 orc wizards
  A killer bee zombie (D:10)
  27 sheep
  2 hound zombies
  10 adders
  55 river rats
  2 worker ant zombies
  7 gnolls
  2 shadow imps
  2 white imps
  An ufetubus (Depths:3)
  2 adder zombies (D:8)
  An adder skeleton (D:7)
  5 worms
  6 giant geckos
  366 orcs
  13 bats
  2 bat zombies
  30 hobgoblins
  5 jackals
  40 kobolds
  3 quokkas
  6 giant cockroaches
  6 giant newts
  31 goblins
  A quokka skeleton (D:5)
  15 rats
  A fungus (Lair:8)
  2 plants
2889 creatures vanquished.

Vanquished Creatures (collateral kills)
  Saint Roka (Orc:4)
  A vault guard (Vaults:5)
  2 hydras
  A small abomination (Vaults:4)
  An orc high priest (Orc:4)
  A large abomination (Vaults:4)
  A manticore (Shoals:3)
  2 yaktaurs (Vaults:1)
  A spiny frog (Lair:2)
  A troll (Orc:4)
  2 blink frogs (Lair:1)
  3 deep elf fighters (Vaults:4)
  3 wolves (Lair:2)
  A porcupine (Lair:1)
  3 orc warriors (Orc:4)
  A big kobold (D:8)
  An orc wizard (Orc:4)
  2 iguanas
  9 orcs (Orc:4)
37 creatures vanquished.

Vanquished Creatures (others)
  A ghost moth (Zot:4)
  A vault warden (Vaults:4)
  An ironheart preserver (Vaults:4)
  A giant orange brain (Depths:5)
  A deep troll (Vaults:4)
  2 moths of wrath (Zot:1)
  A yaktaur (Vaults:5)
  2 redbacks (Spider:3)
  A human (Shoals:2)
  A wasp (Depths:2)
  A spider (Spider:1)
  A slave (D:9)
  A spriggan simulacrum (Depths:2)
  An orc wizard (Orc:4)
  9 fungi
  15 plants
  19 tentacles
  671 tentacle segments
730 creatures vanquished.

Grand Total: 3656 creatures vanquished

Notes
Turn   | Place    | Note
--------------------------------------------------------------
     0 | D:1      | xgamer67 the Ogre Berserker began the quest for the Orb.
     0 | D:1      | Reached XP level 1. HP: 24/24 MP: 1/1
   533 | D:1      | Reached XP level 2. HP: 30/32 MP: 2/2
   982 | D:1      | Reached skill level 5 in Maces & Flails
  1050 | D:2      | Found a snail-covered altar of Cheibriados.
  1075 | D:2      | Found a glowing golden altar of the Shining One.
  1075 | D:2      | Found a shimmering altar of Xom.
  1134 | D:2      | Found a sparkling altar of Nemelex Xobeh.
  1134 | D:2      | Found a white marble altar of Elyvilon.
  1134 | D:2      | Found an ancient bone altar of Kikubaaqudgha.
  1136 | D:2      | Found a shattered altar of Ashenzari.
  1200 | D:2      | Reached XP level 3. HP: 39/39 MP: 3/3
  1728 | D:2      | Acquired Trog's second power
  1728 | D:2      | Reached skill level 6 in Maces & Flails
  2012 | D:2      | Reached XP level 4. HP: 48/48 MP: 4/4
  2269 | D:2      | Found a deep blue altar of Sif Muna.
  2419 | D:3      | Reached skill level 7 in Maces & Flails
  2420 | D:3      | Reached XP level 5. HP: 54/54 MP: 5/5
  2848 | D:3      | Noticed a phantom
  2871 | D:3      | Killed a phantom
  2871 | D:3      | Reached skill level 8 in Maces & Flails
  2871 | D:3      | Reached XP level 6. HP: 48/62 MP: 6/6
  3586 | D:4      | Reached skill level 9 in Maces & Flails
  3721 | D:4      | Found a basalt altar of Yredelemnul.
  4367 | D:4      | Reached skill level 10 in Maces & Flails
  4367 | D:4      | Reached XP level 7. HP: 60/70 MP: 7/7
  4466 | D:5      | Entered Level 5 of the Dungeon
  4880 | D:5      | Found a radiant altar of Vehumet.
  4966 | D:5      | Acquired Trog's third power
  5135 | D:5      | Reached skill level 5 in Fighting
  5474 | D:6      | Noticed a cyclops
  5782 | D:7      | Reached XP level 8. HP: 62/80 MP: 8/8
  5783 | D:7      | Found a stormy altar of Qazlal.
  5857 | D:7      | Noticed a fire elemental
  5857 | D:7      | Noticed a water elemental
  5857 | D:7      | Noticed an air elemental
  6334 | D:7      | Found a staircase to the Ecumenical Temple.
  6541 | D:8      | Reached skill level 5 in Dodging
  6564 | D:8      | Noticed a troll
  6564 | D:8      | Noticed a gargoyle
  6574 | D:8      | Noticed a centaur warrior
  6574 | D:8      | Noticed a troll
  6574 | D:8      | Noticed a tengu warrior
  6660 | D:8      | Reached skill level 11 in Maces & Flails
  7004 | D:8      | Reached skill level 12 in Maces & Flails
  7397 | D:8      | Reached skill level 13 in Maces & Flails
  7397 | D:8      | Reached XP level 9. HP: 85/88 MP: 9/9
  7497 | D:8      | Noticed a three-headed hydra
  7507 | D:8      | Killed a three-headed hydra
  7507 | D:8      | Reached skill level 14 in Maces & Flails
  8201 | D:9      | Reached skill level 15 in Maces & Flails
  8205 | D:9      | Reached XP level 10. HP: 77/102 MP: 10/10
  8342 | D:9      | Noticed Pikel
  8755 | D:9      | Killed Pikel
  8833 | D:9      | Got a spiked cloak
  8839 | D:9      | Identified the +0 cloak of the Bells {Int+5 Dex+3} (You found it on level 9 of the Dungeon)
  9080 | D:9      | Noticed a komodo dragon
  9085 | D:9      | Killed a komodo dragon
  9179 | D:9      | Reached skill level 16 in Maces & Flails
  9406 | D:9      | Noticed a komodo dragon
  9423 | D:9      | Killed a komodo dragon
  9584 | D:9      | Found a staircase to the Lair.
  9808 | D:6      | Got a fine robe
  9829 | D:6      | Identified the +1 robe of the Hills {rPois rC+} (You took it off an orc on level 6 of the Dungeon)
  9892 | D:6      | Noticed a komodo dragon
  9897 | D:6      | Killed a komodo dragon
 10432 | D:6      | Noticed a two-headed ogre
 10438 | D:6      | Killed a two-headed ogre
 10586 | D:6      | Killed a cyclops
 10586 | D:6      | Reached skill level 17 in Maces & Flails
 10750 | Lair:1   | Entered Level 1 of the Lair of Beasts
 10759 | Lair:2   | Reached skill level 10 in Fighting
 10775 | Lair:1   | Reached skill level 1 in Throwing
 10794 | Lair:1   | Reached XP level 11. HP: 110/117 MP: 11/11
 11044 | Lair:1   | Noticed a five-headed hydra
 11047 | Lair:1   | Killed a four-headed hydra
 11177 | Lair:1   | Reached skill level 18 in Maces & Flails
 12024 | Lair:2   | Noticed a four-headed hydra
 12037 | Lair:2   | Killed a four-headed hydra
 12483 | Lair:2   | Reached skill level 19 in Maces & Flails
 13037 | Lair:2   | Reached XP level 12. HP: 89/126 MP: 12/12
 13386 | Lair:3   | Received a gift from Trog
 14134 | Lair:3   | Received a gift from Trog
 14141 | Lair:3   | Noticed a five-headed hydra
 14149 | Lair:3   | Killed a five-headed hydra
 14620 | Lair:3   | Reached skill level 20 in Maces & Flails
 15087 | Lair:4   | Found a hole to the Spider Nest.
 15468 | Lair:4   | Received a gift from Trog
 15906 | Lair:4   | Found a staircase to the Shoals.
 16569 | Lair:5   | Reached skill level 21 in Maces & Flails
 16717 | Lair:5   | Noticed a queen ant
 16731 | Lair:5   | Reached XP level 13. HP: 135/135 MP: 13/13
 16750 | Lair:5   | Killed a queen ant
 17229 | Lair:5   | Received a gift from Trog
 18090 | Lair:5   | Reached skill level 22 in Maces & Flails
 18641 | Lair:6   | Gained mutation: Your flesh is heat resistant. [potion of beneficial mutation]
 18787 | Lair:6   | Found a runed door.
 18787 | Lair:6   | Found a viscous altar of Jiyva.
 18852 | Lair:6   | Found a staircase to the Slime Pits.
 19199 | Lair:7   | Received a gift from Trog
 20021 | Lair:8   | Entered Level 8 of the Lair of Beasts
 20342 | Lair:8   | Reached XP level 14. HP: 146/150 MP: 14/14
 20377 | Lair:8   | Reached skill level 23 in Maces & Flails
 20590 | Lair:8   | Received a gift from Trog
 20968 | Lair:8   | Received a gift from Trog
 22541 | D:9      | Noticed a komodo dragon
 22546 | D:9      | Killed a komodo dragon
 22546 | D:9      | Reached skill level 24 in Maces & Flails
 22575 | D:10     | Entered Level 10 of the Dungeon
 22826 | D:10     | Noticed Urug
 22832 | D:10     | Killed Urug
 22884 | D:10     | Noticed Erica
 22903 | D:10     | Killed Erica
 23742 | D:11     | Received a gift from Trog
 24303 | D:11     | Reached skill level 15 in Fighting
 24584 | D:11     | Found Gorees's Gadget Shoppe.
 25237 | D:8      | Killed a gargoyle
 25240 | D:8      | Killed a troll
 25244 | D:8      | Killed a centaur warrior
 25244 | D:8      | Reached XP level 15. HP: 123/167 MP: 15/15
 25249 | D:8      | Killed a troll
 25259 | D:8      | Killed a tengu warrior
 25397 | D:8      | Got a fine brass amulet
 25830 | D:12     | Noticed WhatIsLove's ghost (powerful GrGl)
 25843 | D:12     | Killed WhatIsLove's ghost
 25950 | D:12     | Reached skill level 10 in Dodging
 26037 | D:12     | Received a gift from Trog
 26131 | D:12     | Found a staircase to the Orcish Mines.
 26390 | Orc:1    | Entered Level 1 of the Orcish Mines
 27194 | Orc:1    | Received a gift from Trog
 27199 | Orc:1    | Got a translucent giant club {god gift}
 27200 | Orc:1    | Identified the +2 giant club of Cicvoras {crush, *Confuse Str-5 Int+11} (Trog gifted it to you on level 1 of the Orcish Mines)
 28046 | Orc:3    | Found Latisamole's Weapon Boutique.
 28061 | Orc:3    | Found Plog's Assorted Antiques.
 28091 | Orc:3    | Found Nenizxeb's Antique Armour Boutique.
 28099 | Orc:3    | Noticed Harold
 28110 | Orc:3    | Killed Harold
 28164 | Orc:3    | Bought an embroidered robe for 21 gold pieces
 28794 | Orc:3    | Found a staircase to the Elven Halls.
 28858 | Orc:4    | Entered Level 4 of the Orcish Mines
 28985 | Orc:4    | Received a gift from Trog
 29141 | Orc:4    | Found a roughly hewn altar of Beogh.
 29462 | Orc:4    | Found Haffaub's Jewellery Boutique.
 29520 | Orc:4    | Found Yrphey Jigro's Book Shop.
 29712 | Orc:4    | Received a gift from Trog
 29853 | Orc:4    | Received a gift from Trog
 30241 | Orc:4    | Found a roughly hewn altar of Beogh.
 30245 | Orc:4    | Noticed Saint Roka
 30559 | Orc:4    | Reached skill level 25 in Maces & Flails
 31114 | Orc:4    | Received a gift from Trog
 31175 | Orc:4    | Identified the amulet "Teveutem" {Stasis *Confuse rPois Int+4 SInv} (You found it on level 8 of the Dungeon)
 31321 | Orc:4    | Killed Saint Roka
 31839 | Orc:4    | Found Jihippips's Magic Scroll Shop.
 31850 | Orc:4    | Bought a scroll of identify for 28 gold pieces
 31850 | Orc:4    | Bought a scroll of identify for 28 gold pieces
 31850 | Orc:4    | Bought a scroll of enchant weapon for 105 gold pieces
 31876 | Orc:4    | Found Totishe's Antique Weapon Boutique.
 31886 | Orc:4    | Received a gift from Trog
 32406 | Orc:4    | Bought a scroll of fear for 49 gold pieces
 32406 | Orc:4    | Bought a scroll of recharging for 133 gold pieces
 32468 | Orc:4    | Bought the ring "Neuba" {rPois MR+ Dex+4} for 758 gold pieces
 32468 | Orc:4    | Bought the ring of Robustness {AC+8} for 2176 gold pieces
 32568 | Orc:3    | Bought a twisted gold wand for 120 gold pieces
 32592 | Orc:3    | Reached XP level 16. HP: 167/176 MP: 16/16
 33078 | D:13     | Noticed Nessos
 33090 | D:13     | Killed Nessos
 33284 | D:14     | Reached skill level 5 in Throwing
 33391 | D:14     | Found a labyrinth entrance.
 33461 | D:14     | Reached skill level 1 in Armour
 33498 | D:14     | Found a gate to the Vaults.
 33538 | D:14     | Found an opulent altar of Gozag.
 33572 | D:14     | Found a shadowy altar of Dithmenos.
 33646 | D:14     | Received a gift from Trog
 34871 | D:15     | Entered Level 15 of the Dungeon
 34993 | D:15     | Found a staircase to the Depths.
 35995 | Orc:4    | Bought a scroll of enchant armour for 105 gold pieces
 35995 | Orc:4    | Bought a scroll of enchant armour for 105 gold pieces
 36919 | Lair:3   | Reached skill level 5 in Armour
 36995 | Spider:1 | Entered Level 1 of the Spider Nest
 36995 | Spider:1 | Noticed Aizul
 37002 | Spider:1 | Killed Aizul
 37138 | Spider:1 | Received a gift from Trog
 37257 | Spider:1 | Noticed Josephine
 37518 | Spider:1 | Killed Josephine
 37526 | Spider:1 | Identified a scroll of acquirement
 38346 | Orc:3    | Bought a scroll of enchant armour for 225 gold pieces
 39294 | Spider:2 | Received a gift from Trog
 39469 | Spider:2 | Reached XP level 17. HP: 165/187 MP: 17/17
 41062 | Spider:4 | Entered Level 4 of the Spider Nest
 41076 | Spider:4 | Received a gift from Trog
 42205 | Spider:4 | Reached skill level 15 in Dodging
 42351 | Spider:4 | Received a gift from Trog
 42886 | Spider:4 | Got a gossamer rune of Zot
 43019 | Shoals:1 | Entered Level 1 of the Shoals
 43019 | Shoals:1 | Found a stormy altar of Qazlal.
 43256 | Shoals:1 | Received a gift from Trog
 43435 | Shoals:1 | Reached XP level 18. HP: 196/196 MP: 18/18
 43793 | Shoals:2 | Found Saruxt's Book Shop.
 43902 | Shoals:2 | Found Doyr's Book Boutique.
 43924 | Shoals:2 | Received a gift from Trog
 43940 | Shoals:2 | Got a fine giant spiked club {god gift}
 43967 | Shoals:2 | Identified the +7 giant spiked club of the Walnut {crush, Str+3} (Trog gifted it to you on level 2 of the Shoals)
 44018 | Shoals:2 | Found Omioqumu's Jewellery Emporium.
 44055 | Shoals:2 | Found Luyris's Assorted Antiques.
 44079 | Shoals:2 | Found Leanel's Armour Boutique.
 44091 | Shoals:2 | Noticed Kirke
 44103 | Shoals:2 | Killed Kirke
 44181 | Shoals:1 | Found a shadowy altar of Dithmenos.
 44977 | Shoals:4 | Entered Level 4 of the Shoals
 44977 | Shoals:4 | Noticed Ilsuiw
 45149 | Shoals:3 | Received a gift from Trog
 45168 | Shoals:3 | Received a gift from Trog
 45485 | Shoals:4 | Found Rotadwui's Food Emporium.
 45634 | Shoals:4 | Reached skill level 26 in Maces & Flails
 45647 | Shoals:4 | Got a barnacled rune of Zot
 46226 | Shoals:4 | Killed Ilsuiw
 46236 | Shoals:4 | Received a gift from Trog
 47294 | Vaults:1 | Entered Level 1 of the Vaults
 47531 | D:14     | Reached XP level 19. HP: 217/217 MP: 19/19
 47981 | Shoals:2 | Bought the ring "Acafimo" {Ice +Blink Slay+2} for 568 gold pieces
 48538 | Vaults:1 | Noticed Asterion
 48557 | Vaults:1 | Killed Asterion
 48615 | Vaults:1 | Received a gift from Trog
 49016 | Vaults:1 | Reached skill level 27 in Maces & Flails
 49096 | Vaults:1 | Received a gift from Trog
 50548 | Vaults:1 | Received a gift from Trog
 50833 | Vaults:1 | Received a gift from Trog
 51602 | Vaults:2 | Got a heavily runed pewter ring
 51604 | Vaults:2 | Identified the ring of Xohujaen {rF+ AC+2 Str+2} (You found it on level 2 of the Vaults)
 51669 | Vaults:2 | Noticed Xtahua
 51676 | Vaults:2 | Killed Xtahua
 51676 | Vaults:2 | Reached XP level 20. HP: 228/228 MP: 20/20
 52343 | Vaults:2 | Received a gift from Trog
 52421 | Vaults:2 | Found Fethraleu's Distillery.
 52541 | Vaults:2 | Found a staircase to the Crypt.
 52575 | Vaults:2 | Reached skill level 10 in Armour
 52890 | Vaults:3 | Reached skill level 1 in Evocations
 53353 | Vaults:2 | Bought a potion of beneficial mutation for 455 gold pieces
 53353 | Vaults:2 | Gained mutation: You possess an exceptional clarity of mind. [potion of beneficial mutation]
 53424 | Vaults:3 | Received a gift from Trog
 53597 | Vaults:3 | Reached skill level 5 in Evocations
 54678 | Vaults:4 | Noticed Sojobo
 54730 | Vaults:4 | Received a gift from Trog
 54747 | Vaults:4 | Killed Sojobo
 55067 | Vaults:4 | Received a gift from Trog
 55075 | Vaults:4 | Reached XP level 21. HP: 207/237 MP: 24/24
 55876 | Vaults:4 | Noticed Jorgrun
 55890 | Vaults:4 | Killed Jorgrun
 56609 | Vaults:4 | Found Neeffynn's Assorted Antiques.
 56617 | Vaults:4 | Received a gift from Trog
 56831 | Vaults:4 | Bought a steaming marble ring for 145 gold pieces
 56911 | Vaults:4 | Identified the ring "Xoqawn" {rN+ MP+9} (You bought it in a shop on level 4 of the Vaults)
 57267 | Depths:1 | Entered Level 1 of the Depths
 57270 | Depths:1 | Noticed Frances
 57271 | Depths:1 | Noticed Agnes
 57364 | Depths:1 | Noticed Louise
 57369 | Depths:1 | Killed Louise
 57378 | Depths:1 | Found a one-way gate to the infinite horrors of the Abyss.
 58083 | Depths:1 | Killed Agnes
 58124 | Depths:1 | Killed Frances
 58686 | Depths:1 | Received a gift from Trog
 58775 | Depths:1 | Reached XP level 22. HP: 257/257 MP: 25/25
 58893 | Depths:1 | Received a gift from Trog
 59166 | Depths:1 | Found a gateway to Hell.
 59544 | Depths:2 | Received a gift from Trog
 60775 | Depths:2 | Received a gift from Trog
 61345 | Depths:2 | Drew Focus: Str increased to 29, Int decreased to 5
 61896 | Depths:3 | Received a gift from Trog
 61902 | Depths:3 | Got an encrusted giant spiked club {god gift}
 62123 | Depths:3 | Identified the +7 giant spiked club of Outrage {flame, rN+} (Trog gifted it to you on level 3 of the Depths)
 62475 | Depths:3 | Reached XP level 23. HP: 245/271 MP: 26/26
 62594 | Depths:3 | Found a one-way gate leading to the halls of Pandemonium.
 62787 | Depths:3 | Received a gift from Trog
 62815 | Depths:3 | Got a dazzling giant spiked club {god gift}
 62930 | Depths:3 | Reached skill level 10 in Throwing
 63755 | Depths:4 | Found Gozag's Assorted Antiques.
 63762 | Depths:4 | Found an opulent altar of Gozag.
 63775 | Depths:4 | Found Gozag's Antique Weapon Shop.
 63789 | Depths:4 | Found Gozag's Antique Weapon Shop.
 63926 | Depths:4 | Reached skill level 15 in Armour
 63947 | Depths:4 | Found a shattered altar of Ashenzari.
 64569 | Depths:4 | Received a gift from Trog
 65183 | Depths:4 | Received a gift from Trog
 65222 | Depths:4 | Identified the +4 giant spiked club of Disharmony {freeze, rC+ Int+4} (Trog gifted it to you on level 3 of the Depths)
 65709 | Depths:5 | Entered Level 5 of the Depths
 66198 | Depths:5 | Received a gift from Trog
 66198 | Depths:5 | Reached XP level 24. HP: 270/289 MP: 26/26
 67050 | Depths:5 | Received a gift from Trog
 67273 | Depths:5 | Reached skill level 27 in Fighting
 67575 | Depths:5 | Received a gift from Trog
 67590 | Depths:5 | Got a brightly glowing giant spiked club {god gift}
 67974 | Depths:5 | Found a gate to the Realm of Zot.
 68147 | Depths:5 | Found a gateway to a bazaar.
 68165 | Bazaar   | Entered a bazaar
 68184 | Bazaar   | Found Coroirph's Assorted Antiques.
 68188 | Bazaar   | Found Naneh's Magic Scroll Boutique.
 68188 | Bazaar   | Found Kafat's Book Boutique.
 68189 | Bazaar   | Found Satoz's Distillery.
 68220 | Bazaar   | Bought a scroll of teleportation for 60 gold pieces
 68220 | Bazaar   | Bought a potion of haste for 200 gold pieces
 68230 | Bazaar   | Bought a scroll of identify for 22 gold pieces
 68230 | Bazaar   | Bought a scroll of recharging for 104 gold pieces
 68230 | Bazaar   | Bought a scroll of identify for 22 gold pieces
 68230 | Bazaar   | Bought a scroll of identify for 22 gold pieces
 68230 | Bazaar   | Bought a scroll of identify for 22 gold pieces
 68236 | Bazaar   | Bought 2 potions of heal wounds for 130 gold pieces
 68236 | Bazaar   | Bought a potion of beneficial mutation for 455 gold pieces
 68236 | Bazaar   | Bought a potion of might for 52 gold pieces
 68236 | Bazaar   | Bought a potion of cancellation for 104 gold pieces
 68236 | Bazaar   | Bought a potion of lignification for 39 gold pieces
 68236 | Bazaar   | Gained mutation: You have large cloven feet. [potion of beneficial mutation]
 68753 | Orc:4    | Bought an uncursed amulet of regeneration for 510 gold pieces
 69174 | Vaults:2 | Bought a potion of resistance for 130 gold pieces
 69174 | Vaults:2 | Bought a potion of resistance for 130 gold pieces
 69174 | Vaults:2 | Bought a potion of cancellation for 104 gold pieces
 69174 | Vaults:2 | Bought a potion of agility for 52 gold pieces
 69318 | Vaults:4 | Bought a scroll of recharging for 275 gold pieces
 69349 | Vaults:5 | Entered Level 5 of the Vaults
 69876 | Vaults:5 | Received a gift from Trog
 69951 | Vaults:5 | Got a silver rune of Zot
 69956 | Vaults:5 | Got a shimmering ivory ring
 69966 | Vaults:5 | Identified the +8 giant spiked club "Maoxon" {freeze, rC+} (Trog gifted it to you on level 5 of the Depths)
 69969 | Vaults:5 | Identified the ring "Qaodes" {rPois rF+ rC- rN+ Str+4} (You took it off a yaktaur on level 5 of the Vaults)
 70022 | Vaults:5 | Received a gift from Trog
 70043 | Vaults:5 | Reached XP level 25. HP: 257/304 MP: 26/26
 70590 | Vaults:5 | Got a scintillating tin ring
 70592 | Vaults:5 | Identified the ring of Loettos {SustAt rPois rN++ Int+4} (You took it off a yaktaur on level 5 of the Vaults)
 70618 | Vaults:5 | Received a gift from Trog
 70668 | Vaults:5 | Noticed an ancient lich
 70683 | Vaults:5 | Killed an ancient lich
 70815 | Vaults:5 | Received a gift from Trog
 70824 | Vaults:5 | Got an ebony giant spiked club {god gift}
 70825 | Vaults:5 | Identified the +4 giant spiked club of World Downfall {holy, rPois Str+4} (Trog gifted it to you on level 5 of the Vaults)
 71458 | Vaults:5 | Noticed an ancient lich
 71470 | Vaults:5 | Killed an ancient lich
 71543 | Vaults:5 | Received a gift from Trog
 72309 | Zot:1    | Entered Level 1 of the Realm of Zot
 72316 | Zot:1    | Received a gift from Trog
 72811 | Zot:1    | Reached XP level 26. HP: 250/314 MP: 0/26
 73699 | Zot:1    | Received a gift from Trog
 74229 | Zot:2    | Received a gift from Trog
 74598 | Zot:2    | Received a gift from Trog
 75819 | Vaults:2 | Bought a potion of might for 52 gold pieces
 75819 | Vaults:2 | Bought a potion of heal wounds for 65 gold pieces
 75819 | Vaults:2 | Bought a potion of might for 52 gold pieces
 76431 | Shoals:2 | Received a gift from Trog
 76441 | Shoals:2 | Got a steaming giant spiked club {god gift}
 76480 | Shoals:2 | Bought a potion of resistance for 340 gold pieces
 76480 | Shoals:2 | Bought a potion of agility for 136 gold pieces
 78171 | Zot:2    | Reached XP level 27. HP: 323/323 MP: 26/26
 79552 | Zot:4    | Received a gift from Trog
 79773 | Zot:4    | Received a gift from Trog
 80699 | Zot:4    | Received a gift from Trog
 80719 | Zot:5    | Entered Level 5 of the Realm of Zot
 81267 | Zot:5    | Received a gift from Trog
 81528 | Zot:5    | Noticed an orb of fire
 81530 | Zot:5    | Noticed an ancient lich
 81532 | Zot:5    | Gained mutation: Potions and wands are less effective at restoring your health. [an orb of fire]
 81534 | Zot:5    | Killed an orb of fire
 81665 | Zot:5    | Noticed an ancient lich
 81673 | Zot:5    | Killed an ancient lich
 81695 | Zot:5    | Killed an ancient lich
 81780 | Zot:5    | Noticed an orb of fire
 81854 | Zot:5    | Noticed an ancient lich
 81864 | Zot:5    | Killed an ancient lich
 81878 | Zot:5    | Got the Orb of Zot
 82268 | Depths:1 | Noticed Atrefropp the pandemonium lord
 82268 | Depths:1 | Noticed an ancient lich
 82778 | D:2      | Noticed Cuimpeont the pandemonium lord
 82827 | D:$      | Escaped with the Orb!

Vault maps used:
D:1:      dpeg_arrival_prison
D:2:      grunt_temple_overflow_open, led_sif_pool
D:3:      corexii_shack_village, minmay_misc_feat_encased
D:4:      lemuel_doored_altar, first_bread
D:5:      vehumet_statue
D:6:      hangedman_cross_stitches
D:7:      nicolae_qazlal_style_of_elements, temple_hall
D:8:      hangedman_ranch, minmay_hedge_maze, minivault_12
D:9:      erik_lair_dragon, uniq_pikel
D:10:     minmay_curly_fans, minivault_19, uniq_erica, uniq_urug
D:11:     serial_shops, kennysheep_mini_moat
D:12:     erik_orc_1
D:13:     uniq_nessos
D:14:     minmay_tri_stars, david_vaults_5, lab_entry_generic,
          grunt_dithmenos_shadows, nicolae_gozag_cash_rules_everything_around_me
D:15:     grunt_enter_depths_giant_problem
Lair:1:   beast_lair_carwin_10
Lair:2:   beast_lair_carwin_9
Lair:4:   minmay_shoals_entry_centaurs, spider_nest_entry_rubble
Lair:5:   serial_bayou_ford_a, zaba_anthell
Lair:6:   slime_altar_2
Lair:7:   grunt_megastairs_3, infiniplex_staircase_pool_2
Lair:8:   minmay_lair_end_frog_pond
Shoals:1: abandoned_shop, hangedman_feature_mirror
Shoals:2: serial_shops, nicolae_shop_crystal, shop, shop, shop, shop,
          nicolae_shoals_undead_eyrie, uniq_kirke
Shoals:4: serial_shops, shop, shoals_end_hangedman, shoal_ilsuiw
Spider:1: uniq_aizul, uniq_josephine
Spider:2: nicolae_spider_stair_cavern
Spider:4: grunt_spider_rune_island
Orc:3:    serial_shops, shop, nicolae_shop_crystal, shop,
          nicolae_orc_pool_cavern, uniq_harold
Orc:4:    pubby_orc_utopia
Vaults:1: v_rooms_1, vaults_dpeg_spiral, st_octagons_1, ontoclasm_vaults_chip,
          v_misc_11, v_misc_27, ontoclasm_vaults_ring_large,
          ontoclasm_vaults_spin, vaults_room_grunt_arrival_checkpoint, v_misc_8,
          vaults_dpeg_hooks, uniq_asterion
Vaults:2: vaults_room_grid, vaults_dpeg_doors, vaults_room_door_hall,
          vaults_room_fancy_cross, nicolae_vaults_windows_and_doors_thing,
          minmay_crypt_entry_simple_statues, serial_shops, nicolae_shop_crystal,
          uniq_saint_roka, uniq_xtahua
Vaults:3: st_spiral_rooms, ontoclasm_vaults_twist, hangedman_vaults_restitches,
          v_misc_1, hangedman_vaults_nodes, nicolae_vaults_ninety_degrees,
          hangedman_vaults_impose, v_rooms_6, vaults_dpeg_encased_lava,
          v_misc_22, hangedman_vaults_cutoff
Vaults:4: hangedman_vaults_cutoff, nicolae_vaults_border_crossing,
          hangedman_vaults_cutoff, v_misc_10, hangedman_vaults_hat, v_misc_33,
          nicolae_vaults_big_angled_halls, vaults_mumra_lcd,
          vaults_room_fancy_cross, ontoclasm_vaults_shuriken,
          ontoclasm_vaults_claustrophobia, vaults_room_large_hall,
          nicolae_vaults_rhombus_6, serial_shops,
          nicolae_shop_overgrown_old_shop, uniq_sojobo, uniq_jorgrun
Depths:1: nicolae_abyss_entry_one_way_or_another, lightli_too_deep,
          grunt_decor_clamped, hangedman_abyss_or_decor_jellyfish_corner,
          serial_bayou_pond_d, sword_in_stone
Depths:2: grunt_x_marks_the_spot, hell_entry, hangedman_glass_teeth,
          kennysheep_small_square
Depths:3: hangedman_crystal_crosses_colossus, hell_entry, serial_shops,
          pan_entry
Depths:4: kennysheep_gozag_temple, nicolae_ashenzari_panopticon,
          pf_hell_entry_tar_spiral, abyss_entry, grunt_ministairs_5,
          serial_bayou_shore_b
Depths:5: evilmike_zot_entry_gauntlet, enter_ziggurat_d,
          pf_vacation_house_of_asmodeus, hangedman_decor_clover_reticule,
          serial_shops, freezing_bzr, kennysheep_doodads,
          minmay_misc_feat_nine_boxes, kennysheep_kite_vault
Zot:1:    lemuel_acid_trip, hangedman_zot_decor_scrapings
Zot:4:    evilmike_ambush
Zot:5:    grunt_ministairs_2, bh_zot_lava_cross
Bazaar:   bazaar_minmay_cross

Action                   |  1- 3 |  4- 6 |  7- 9 | 10-12 | 13-15 | 16-18 | 19-21 | 22-24 | 25-27 || total
-------------------------+-------+-------+-------+-------+-------+-------+-------+-------+-------++-------
Melee: Mace              |    55 |   212 |   351 |       |       |       |       |       |       ||   618
       Whip              |    61 |       |       |       |       |       |       |       |       ||    61
       Giant spiked club |       |       |    22 |   539 |  1547 |  1209 |  1202 |  1225 |  1255 ||  6999
Throw: Stone             |     9 |     5 |       |       |       |       |       |       |       ||    14
       Tomahawk          |       |       |       |     3 |       |       |       |       |       ||     3
       Large rock        |       |       |       |     4 |     9 |    44 |    17 |    37 |    23 ||   134
Invok: Berserk           |     6 |     3 |     5 |    16 |    21 |     6 |    13 |     4 |     7 ||    81
       Trog's Hand       |       |       |     2 |     5 |     7 |     7 |    19 |    16 |    17 ||    73
       Brothers in Arms  |       |       |     1 |     3 |     2 |     1 |     3 |     2 |       ||    12
       Burn Spellbooks   |       |       |       |     1 |     4 |     4 |     2 |     5 |     4 ||    20
Evoke: Wand              |       |       |       |     1 |     2 |       |       |       |     2 ||     5
       Deck              |       |       |       |       |       |       |       |     1 |       ||     1
  Use: Scroll            |     2 |     8 |     6 |    14 |    14 |    27 |     5 |    15 |    17 ||   108
       Potion            |       |       |       |     1 |     4 |     1 |     6 |    24 |     6 ||    42
 Stab: Sleeping          |     1 |       |     2 |     4 |     5 |       |       |       |       ||    12
       Distracted        |       |       |     3 |     1 |     4 |       |     2 |       |     2 ||    12
       Invisible         |       |       |       |       |       |       |       |       |     1 ||     1
  Eat: Chunk             |     9 |    11 |    16 |    38 |    89 |    59 |    57 |    51 |    22 ||   352
       Pizza             |       |       |     2 |     3 |       |       |       |       |       ||     5
       Royal jelly       |       |       |       |     1 |       |       |       |       |       ||     1
       Meat ration       |       |       |       |       |       |       |       |       |     8 ||     8
